 Dungeon Crawl Stone Soup version 0.16-a0-734-gc254e8c (webtiles) character file.

1865 PolkaDot the Conjurer (level 8, 0/57 HPs)
             Began as a Mottled Draconian Conjurer on Sept 22, 2014.
             Succumbed to a worker ant's poison
             ... on Level 5 of the Dungeon.
             The game lasted 00:28:32 (6976 turns).

PolkaDot the Conjurer (Mottled Draconian Conjurer)  Turns: 6976, Time: 00:28:32

HP   0/57        AC  8     Str 11      XL: 8   Next: 90%
MP   4/13        EV 12     Int 17      God:
Gold 264         SH  0     Dex 14      Spells:  4 memorised,  0 levels left

rFire  + . .     SeeInvis .     t - -2 cutlass (curse)
rCold  . . .     Clarity  .     (armour unavailable)
rNeg   . . .     rCorr    .     (no shield)
rPois  .         rRot     .     (helmet restricted)
rElec  .         Spirit   .     (no cloak)
SustAb .         Warding  .     q - +0 pair of gloves
rMut   +         Stasis   .     m - +0 pair of boots
Gourm  .                        n - cursed amulet of resist mutation
MR     .....                    H - +2 ring of dexterity
                                u - ring of protection from fire

@: lethally poisoned, not resistant to hostile enchantments, unstealthy
A: breathe sticky flames, unfitting armour, cold-blooded, AC +6
a: Breathe Sticky Flame


You were on level 5 of the Dungeon.
You were not hungry.

You visited 1 branch of the dungeon, and saw 6 of its levels.

You collected 264 gold pieces.

Inventory:

Hand weapons
 e - a +0 dagger
 t - a cursed -2 cutlass (weapon)
 y - a +0 long sword of slicing
 F - a cursed -2 dagger
Missiles
 h - 2 throwing nets (quivered)
Armour
 m - a +0 pair of boots (worn)
 q - a +0 pair of gloves (worn)
Magical devices
 a - a wand of digging (13) {unknown}
 s - a wand of digging (15) {unknown}
Comestibles
 b - 2 bread rations
 f - a meat ration
 i - 2 slices of pizza
Scrolls
 d - a scroll of fear
 g - a scroll of amnesia {unknown}
 j - a scroll of noise {unknown}
 k - a scroll of enchant weapon {unknown}
 l - a scroll of fog
 p - a scroll of recharging
 r - a scroll of immolation
 B - a scroll of teleportation {unknown}
 G - a scroll of identify {unknown}
Jewellery
 n - a cursed amulet of resist mutation (around neck)
 u - a ring of protection from fire (left hand)
 H - a +2 ring of dexterity (right hand)
Books
 c - a book of Conjurations

   Spells                             Type                      Level
   *Magic Dart                        Conjuration                  1
   *Searing Ray                       Conjuration                  2
   Dazzling Spray                     Conjuration/Hexes            3
   *Fulminant Prism                   Conjuration/Hexes            4
   *Iskenderun's Mystic Blast         Conjuration                  4
   Iskenderun's Battlesphere          Conjuration/Charms           5
Magical staves
 C - an uncursed staff of poison {unknown}


   Skills:
 - Level 1.7 Dodging
 - Level 1.7 Stealth
 - Level 2.0 Spellcasting
 * Level 12.0 Conjurations


You couldn't memorise any spells.
You knew the following spells:

 Your Spells              Type           Power        Failure   Level  Hunger
a - Magic Dart            Conj           ####         1%          1    #......
d - Iskenderun's Mystic   Conj           #####...     1%          4    #####..
f - Fulminant Prism       Conj/Hex       ###.......   17%         4    #####..
s - Searing Ray           Conj           #####.       1%          2    ###....


Dungeon Overview and Level Annotations

Branches:
Dungeon (6/15)
 Temple: D:4-7

Altars:
Gozag
Okawaru
Qazlal
Sif Muna


Innate Abilities, Weirdness & Mutations

You can spit globs of burning liquid.
You can ignite nearby creatures when you spit burning liquid.
Your weird mottled scales are hard (AC +6).
Your body does not fit into most forms of armour.
Your cold-blooded metabolism reacts poorly to cold.


Message History

The worker ant poisons you!
The orc warrior hits you from afar with a trident.
* * * LOW HITPOINT WARNING * * *
The worker ant bites you.
* * * LOW HITPOINT WARNING * * *
You are more poisoned.
The worker ant poisons you!
You climb upwards.
* * * LOW HITPOINT WARNING * * *
You feel sick. The goblin hits you.
* * * LOW HITPOINT WARNING * * *
There is a stone staircase leading down here.
* * * LOW HITPOINT WARNING * * *
You feel sick. The goblin barely misses you.
* * * LOW HITPOINT WARNING * * *
You feel sick.
The worker ant bites you but does no damage.
* * * LOW HITPOINT WARNING * * *
You feel sick.
You die...

##...........####.###
#...............)....
##..#.#.############## #####
#...........# #...#
#...#.###.#.# #...# #....##
##..##### ####...###>.g.#
#......###### #...........a.##
##............
#...........##@###........#####
#..........####...........#
####...###.# #####.......#
#...# #.# ##.....## #...# #.#
#.....# ##..# #.# #.###.# ##.#
#.#########.# #.# #.#
#...........###.# #.#
#.##............#


You could see a worker ant and a goblin.

Vanquished Creatures
  Grinder (D:5)
  A water moccasin (D:5)
  The ghost of ThermosAquaticus the Caller, an average OpSu (D:3)
  2 necrophages (D:5)
  A phantom (D:4)
  A sky beast (D:5)
  A centaur (D:5)
  3 ogres
  2 scorpions (D:5)
  2 iguanas (D:5)
  A hound (D:5)
  2 orc wizards (D:4)
  4 orc priests (D:4)
  6 worker ants
  Ijyb (D:3)
  An ogre skeleton (D:5)
  8 adders
  A worm (D:2)
  A giant mite (D:2)
  3 shadow imps (D:5)
  An iguana zombie (D:5)
  An adder skeleton (D:4)
  3 giant geckos
  An ooze (D:2)
  13 orcs
  4 ball pythons
  A bat zombie (D:5)
  5 giant cockroaches
  13 goblins
  8 hobgoblins
  2 jackals (D:4)
  13 kobolds
  18 bats
  8 giant newts
  A giant newt zombie (D:5)
  An orc skeleton (D:4)
  4 quokkas
  18 rats
158 creatures vanquished.

Notes
Turn   | Place    | Note
--------------------------------------------------------------
     0 | D:1      | PolkaDot, the Draconian Conjurer, began the quest for the Orb.
     0 | D:1      | Reached XP level 1. HP: 14/14 MP: 3/3
   537 | D:1      | Reached XP level 2. HP: 7/20 MP: 1/4
  1308 | D:1      | Reached skill level 5 in Conjurations
  1308 | D:1      | Reached XP level 3. HP: 23/26 MP: 6/6
  1577 | D:2      | Learned a level 2 spell: Searing Ray
  2199 | D:2      | Reached XP level 4. HP: 33/33 MP: 2/7
  2323 | D:2      | Found a deep blue altar of Sif Muna.
  2711 | D:3      | Noticed ThermosAquaticus' ghost (average OpSu)
  2805 | D:3      | Killed ThermosAquaticus' ghost
  2805 | D:3      | Reached skill level 6 in Conjurations
  2805 | D:3      | Reached XP level 5. HP: 35/38 MP: 2/9
  2897 | D:3      | Learned a level 4 spell: Iskenderun's Mystic Blast
  3040 | D:3      | Reached skill level 7 in Conjurations
  3074 | D:3      | Found an iron altar of Okawaru.
  3210 | D:3      | Noticed Ijyb
  3223 | D:3      | Killed Ijyb
  3576 | D:4      | Reached XP level 6. HP: 30/45 MP: 1/10
  3869 | D:4      | Noticed a phantom
  3891 | D:4      | Killed a phantom
  3891 | D:4      | Reached skill level 8 in Conjurations
  4319 | D:4      | Your scales start taking on a weird mottled pattern.
  4319 | D:4      | Reached XP level 7. HP: 37/50 MP: 4/12
  4399 | D:4      | Noticed an ogre
  4407 | D:4      | Killed an ogre
  4578 | D:4      | Reached skill level 9 in Conjurations
  4687 | D:4      | Found a stormy altar of Qazlal.
  4963 | D:5      | Entered Level 5 of the Dungeon
  5196 | D:5      | Noticed Grinder
  5217 | D:5      | Paralysed by Grinder for 4 turns
  5223 | D:5      | Killed Grinder
  5223 | D:5      | Reached skill level 10 in Conjurations
  5223 | D:5      | Reached XP level 8. HP: 21/57 MP: 3/13
  5662 | D:5      | Learned a level 4 spell: Fulminant Prism
  5674 | D:5      | Reached skill level 11 in Conjurations
  6515 | D:5      | Reached skill level 12 in Conjurations
  6947 | D:6      | Found an opulent altar of Gozag.
  6973 | D:5      | HP: 2/57 [poisoned by a worker ant]
  6976 | D:5      | Succumbed to a worker ant's poison

Action                   |  1- 3 |  4- 6 |  7- 9 || total
-------------------------+-------+-------+-------++-------
Melee: Unarmed           |    16 |       |       ||    16
       Dagger            |    95 |     4 |       ||    99
       Long sword        |       |    52 |       ||    52
       Cutlass           |       |    76 |   120 ||   196
 Cast: Magic Dart        |    52 |     9 |       ||    61
       Searing Ray       |     3 |    21 |    33 ||    57
       Iskenderun's Myst |       |     1 |     9 ||    10
  Use: Potion            |       |     5 |     6 ||    11
       Scroll            |       |       |     8 ||     8
 Stab: Sleeping          |     1 |       |       ||     1
       Distracted        |       |       |     2 ||     2
  Eat: Chunk             |     5 |     7 |     9 ||    21
       Beef jerky        |       |     1 |     1 ||     2
       Bread ration      |       |       |     1 ||     1
